 Dungeon Crawl Stone Soup version 0.29.1-15-g9cfb28693d (webtiles) character file.

Game seed: 12700414625782719984

38 leafyfresh the Sneak (level 3, 0/26 HPs)
             Began as an Octopode Delver on Mar 4, 2023.
             Was an Initiate of Ashenzari.
             Slain by a black bear (7 damage)
             ... on level 5 of the Dungeon.
             The game lasted 00:00:40 (678 turns).

leafyfresh the Sneak (Octopode Delver)               Turns: 678, Time: 00:00:41

Health: 0/26       AC:  1    Str: 11    XL:     3   Next: 43%
Magic:  3/3        EV: 13    Int: 14    God:    Ashenzari [......]
Gold:   12         SH:  0    Dex: 13    Spells: 2/2 levels left

rFire   . . .      SeeInvis .   a - +0 short sword
rCold   . . .      Faith    .   (no shield)
rNeg    . . .      Spirit   .   (helmet restricted)
rPois   .          Reflect  .   (no amulet)
rElec   .          Harm     .   (no ring)
rCorr   .          Rampage  .   (no ring)
Will    .....                   (no ring)
Stlth   ++++......              (no ring)
HPRegen 0.08/turn               (no ring)
MPRegen 0.08/turn               (no ring)
                                (no ring)
                                (no ring)

@: no status effects
A: almost no armour, amphibious, 8 rings, camouflage 1, gelatinous body 1,
(nimble swimmer 1), tentacles
a: Renounce Religion


You were on level 5 of the Dungeon.
You worshipped Ashenzari.
Ashenzari was noncommittal.
You visited 2 branches of the dungeon, and saw 2 of its levels.

You collected 12 gold pieces.

Inventory:

Hand Weapons
 a - a +0 short sword (weapon)
Wands
 f - a wand of digging (3)
Scrolls
 b - a scroll of fog
 c - a scroll of magic mapping
 d - 2 scrolls of fear
 g - a scroll of identify {unknown}
Potions
 e - a potion of haste
 h - a potion of curing {unknown}


   Skills:
 + Level 3.5 Fighting
 - Level 2.0 Short Blades
 + Level 2.6 Dodging
 + Level 7.1 Stealth


You had 2 spell levels left.
You didn't know any spells.
Your spell library was empty.

Dungeon Overview and Level Annotations

Branches:
Dungeon (5/15)             Temple (1/1) D:5

Altars:
Ashenzari
Fedhas
Gozag
Vehumet


Innate Abilities, Weirdness & Mutations

You cannot wear most types of armour.
You are amphibious.
You can wear up to eight rings at the same time.
Your skin changes colour to match your surroundings (Stealth+).
Your rubbery body absorbs attacks. (AC +1, EV +1)
((You are camouflaged when in or above water. (Stealth+)))
You have tentacles for arms and can constrict up to eight enemies at once.


Message History

A black bear is nearby!
A black bear is nearby!
The black bear growls angrily.
A black bear is nearby!
Unknown command.
There is a staircase to the Ecumenical Temple here.
Found a purple potion.
h - a purple potion
There are no items here.
Found 12 gold pieces.
Found 11 gold pieces.
You see here 12 gold pieces.
You now have 12 gold pieces.
Found a scroll of fear.
Found a scroll labelled GEYROF POUR.
You see here a scroll of fear.
d - 2 scrolls of fear (gained 1)
You see here a scroll labelled GEYROF POUR.
You barely miss the black bear. Your grab misses the black bear.
The black bear barely misses you. The black bear claws you. x2
You barely miss the black bear. You grab the black bear.
You squeeze the black bear!
The black bear is moderately wounded.
You constrict the black bear. The black bear bites you.
The black bear claws you. x2
You hit the black bear.
You squeeze the black bear, but do no damage.
The black bear is heavily wounded.
You constrict the black bear, but do no damage.
The black bear barely misses you. The black bear claws you.
The black bear closely misses you.
You hit the black bear.
The black bear is heavily wounded.
You constrict the black bear. The black bear barely misses you.
The black bear claws you. x2
* * * LOW HITPOINT WARNING * * *
You hit the black bear but do no damage.
The black bear is heavily wounded.
You constrict the black bear. The black bear bites you!
You die...

# ..# ... # ... #. ...
#. .. #####.######## ..
........@....# ..
#####..h####.#.. .#
................... ..
####.....###.#..#.# #..#
#.............. ....#
##.....###.#..####.#..#
.........##.#..#........
###.....................
#............#.##.....


You could see a black bear.

Vanquished Creatures
  A hound (D:5)
  A shadow imp (D:5)
2 creatures vanquished.

Notes
Turn   | Place    | Note
-------+----------+-------------------------------------------
     0 | D:5      | leafyfresh the Octopode Delver began the quest for the Orb.
     0 | D:5      | Reached XP level 1. HP: 16/16 MP: 1/1
     8 | D:5      | Found a staircase to the Ecumenical Temple.
    37 | D:5      | Noticed a hound
    50 | D:5      | Killed a hound
    51 | D:5      | Reached skill level 7 in Stealth
    51 | D:5      | Reached XP level 2. HP: 12/21 MP: 2/2
    51 | D:5      | Reached XP level 3. HP: 15/26 MP: 3/3
    55 | Temple   | Entered the Ecumenical Temple
   270 | Temple   | Became a worshipper of Ashenzari the Shackled
   635 | D:5      | Noticed a black bear
   678 | D:5      | Slain by a black bear

Illustrated notes

Levels and vault maps discovered:
D:5:      layout_basic, minmay_temple_entry_arrows
Temple:   grunt_temple_mini_profane

Skill      XL: |  1 |
---------------+----+-----
Stealth        | 7 |  7.1
Fighting       | |  3.5
Short Blades   | |  2.0
Dodging        | |  2.6

Action                   || total
-------------------------++-------
Melee: Short sword       ||    14
       Constrict         ||     3
       Tentacles         ||     3
Dodge: Dodged            ||     7
